 Dungeon Crawl Stone Soup version 0.28-a0-628-g3c9886e45e (webtiles) character file.

Game seed: 15578964904469788940

11127 porpoise the Thaumaturge (level 11, -2/60 HPs)
             Began as a Deep Elf Conjurer on Oct 8, 2021.
             Was a Believer of Vehumet.
             Slain by a frost giant (4 damage)
             ... on level 10 of the Dungeon on Oct 9, 2021.
             The game lasted 00:52:18 (15614 turns).

porpoise the Thaumaturge (Deep Elf Conjurer)       Turns: 15614, Time: 00:52:19

Health: -2/60      AC: 10    Str:  6    XL:     11   Next: 45%
Magic:  5/29       EV: 15    Int: 31    God:    Vehumet [**....]
Gold:   1169       SH:  7    Dex: 13    Spells: 23/34 levels left

rFire   . . .      SeeInvis .   b - +1 hunting sling (flame)
rCold   + . .      Faith    .   G - +2 buckler {rN+}
rNeg    + . .      Spirit   .   I - +0 steam dragon scales
rPois   .          Reflect  .   o - +1 helmet
rElec   .          Harm     .   l - +0 cloak
rCorr   .          Rampage  .   D - +0 pair of gloves
Will    +....                   W - +0 pair of boots
Stlth   ++........              i - amulet of magic regeneration
HPRegen 0.20/turn               S - +6 ring of intelligence
MPRegen 0.46/turn               V - ring of protection from cold

@: no status effects
A: no striking features
a: Renounce Religion


You were on level 10 of the Dungeon.
You worshipped Vehumet.
Vehumet was pleased with you.
You visited 3 branches of the dungeon, and saw 12 of its levels.

You collected 1781 gold pieces.
You spent 612 gold pieces at shops.

Inventory:

Hand Weapons
 b - a +1 hunting sling of flaming (weapon)
Missiles
 d - 362 stones
 g - 27 sling bullets (quivered ammo)
 j - 8 poisoned darts
 T - 5 curare-tipped darts
Armour
 l - a +0 cloak (worn)
 o - a +1 helmet (worn)
 D - a +0 pair of gloves (worn)
 G - a +2 buckler of positive energy (worn)
 I - +0 steam dragon scales (worn)
 W - a +0 pair of boots (worn)
Magical Staves
 a - a staff of conjuration
Jewellery
 i - an amulet of magic regeneration (around neck)
 S - a +6 ring of intelligence (left hand)
 V - a ring of protection from cold (right hand)
Wands
 q - a wand of flame (44)
 C - a wand of mindburst (28)
 O - a wand of iceblast (8)
 P - a wand of polymorph (6)
 R - a wand of paralysis (4)
Scrolls
 e - a scroll of fear {unknown}
 f - 2 scrolls of fog
 m - 6 scrolls of teleportation
 n - a scroll of holy word
 u - 4 scrolls of magic mapping
 y - a scroll of immolation
 J - a scroll of identify
Potions
 c - 6 potions of heal wounds
 h - a potion of flight
 k - a potion of attraction
 z - 3 potions of curing
 E - 3 potions of lignification
 N - a potion of invisibility
 U - a potion of haste


   Skills:
 - Level 3.0 Fighting
 - Level 7.0 Dodging
 + Level 4.0 Stealth
 - Level 4.0 Shields
 - Level 12.0 Spellcasting
 - Level 9.0 Conjurations
 - Level 9.3 Hexes
 + Level 8.2 Translocations
 - Level 5.0 Evocations


You had 23 spell levels left.
You knew the following spells:

 Your Spells              Type           Power      Damage    Failure   Level
a - Magic Dart            Conj           100%       1d8       1%          1
b - Searing Ray           Conj           100%       2d8       1%          2
c - Fulminant Prism       Conj/Hex       33%        3d16      1%          4
d - Iskenderun's Mystic   Conj/Tloc      64%        2d13      1%          4

Your spell library contained the following spells:

 Spells                   Type           Power      Damage    Failure   Level
 Scorch                   Fire           36%        2d7       4%          2
 Dazzling Flash           Conj/Hex       100%       N/A       1%          3
 Freeze                   Ice            72%        1d9       2%          1
 Hailstorm                Conj/Ice       46%        3d11      4%          4
 Frozen Ramparts          Ice            36%        1d5       8%          3
 Summon Mana Viper        Hex/Summ       47%        N/A       11%         5
 Summon Forest            Summ/Tloc      22%        N/A       14%         5
 Ice Form                 Ice/Tmut       18%        N/A       26%         4
 Summon Ice Beast         Ice/Summ       18%        N/A       26%         4
 Summon Cactus Giant      Summ           9%         N/A       99%         6


Dungeon Overview and Level Annotations

Branches:
Dungeon (10/15)            Temple (1/1) D:7            Lair (1/6) D:8
    Orc (0/2) D:9

Altars:
Cheibriados
Dithmenos
Elyvilon
Fedhas
Gozag
Hepliaklqana
Kikubaaqudgha
Nemelex Xobeh
Qazlal
Ru
Sif Muna
Trog
Uskayaw
Vehumet
Wu Jian
Xom
Yredelemnul
Zin
The Shining One

Shops:
D:6 [

Annotations:
D:9 1 runed translucent door, RandomusNamus's ghost, novice OpFE


Message History

The frost giant is moderately wounded.
The frost giant casts a spell at you. The bolt of cold hits you!! You resist.
Your fulminant prism explodes!
The blast of energy engulfs the frost giant!!
The frost giant is severely wounded.
Casting: Iskenderun's Mystic Blast (dangerous; 1% risk of failure)
Confirm with . or Enter, or press ? or * to list all spells.
You erupt in a blast of force!
The mystic blast hits the frost giant!
The frost giant is severely wounded.
The frost giant is knocked back by the mystic blast.
Unknown command.
Casting: Iskenderun's Mystic Blast (dangerous; 1% risk of failure)
Confirm with . or Enter, or press ? or * to list all spells.
Aiming: Searing Ray (safe; 1% risk of failure)
Press: ? - help, Shift-Dir - straight line, f - frost giant
Aim: a frost giant, wielding a +0 battleaxe of freezing (severely wounded, 98% to hit)
The searing ray hits the frost giant.
The frost giant is severely wounded. (Press . to maintain the ray.)
The frost giant gestures at you while chanting.
The bolt of cold hits you! You resist.
The searing ray hits the frost giant!
The frost giant is almost dead.
The frost giant casts a spell at you. The bolt of cold misses you.
The searing ray hits the frost giant.
The frost giant is almost dead.
The searing ray hits the frost giant.
The frost giant is almost dead.
You finish channelling your searing ray.
Casting: Searing Ray (safe; 1% risk of failure)
Confirm with . or Enter, or press ? or * to list all spells.
You erupt in a blast of force!
The mystic blast hits the frost giant but does no damage.
The frost giant is almost dead.
The frost giant hits you with a +0 battleaxe of freezing!!
* * * LOW HITPOINT WARNING * * *
The frost giant freezes you.
You die...

#################
................#
.........######@##
>..####..# #C.#
#...# #..# ##'#
#...# #).# #...#
#>..# #..# #C###.#
#...# #..# #. .#
#...# #..# # #
#...# #..# #...#
#..#


You could see a frost giant.

Vanquished Creatures
  Harold (D:9)
  A two-headed ogre (D:8)
  A cyclops (D:8)
  A cane toad (Lair:1)
  An unseen horror (D:10)
  A komodo dragon (D:8)
  A polar bear (Lair:1)
  3 blink frogs (Lair:1)
  A wraith (D:9)
  A shadow (D:10)
  16 yaks
  A wyvern (D:7)
  A steam dragon (D:6)
  Menkaure (D:7)
  3 water moccasins
  A black bear (D:8)
  2 ice beasts
  5 orc warriors
  2 sky beasts
  A necrophage (D:4)
  2 centaurs
  3 wolves (Lair:1)
  5 ogres
  4 phantoms
  3 kobold brigands
  2 wyvern zombies
  6 bullfrogs
  3 scorpions
  A water moccasin skeleton (D:6)
  11 wights
  2 bullfrog zombies (D:6)
  A jelly (D:5)
  2 centaur zombies (D:9)
  5 hounds
  Crazy Yiuf (D:7)
  A centaur skeleton (D:6)
  9 orc priests
  A bullfrog skeleton (D:5)
  Ijyb (D:3)
  An iguana (D:7)
  7 orc wizards
  A howler monkey zombie (D:6)
  Robin (D:2)
  9 adders
  A gnoll (D:5)
  2 shadow imps (D:8)
  3 white imps
  An adder skeleton (D:4)
  3 worms
  5 dart slugs
  30 orcs
  6 bats
  2 endoplasms
  5 giant cockroaches
  14 goblins
  5 hobgoblins
  7 jackals
  26 kobolds
  3 quokkas
  9 ball pythons
  5 frilled lizards
  6 rats
260 creatures vanquished.

Vanquished Creatures (others)
  A butterfly (D:8)
  49 fulminant prisms
  14 fungi
  13 plants
77 creatures vanquished.

Grand Total: 337 creatures vanquished

Notes
Turn   | Place    | Note
-------+----------+-------------------------------------------
     0 | D:1      | porpoise the Deep Elf Conjurer began the quest for the Orb.
     0 | D:1      | Reached XP level 1. HP: 10/10 MP: 6/6
   238 | D:1      | Reached XP level 2. HP: 15/15 MP: 5/8
   267 | D:1      | Learned a level 2 spell: Searing Ray
   939 | D:1      | Reached skill level 4 in Spellcasting
  1125 | D:1      | Reached skill level 5 in Conjurations
  1125 | D:1      | Reached XP level 3. HP: 19/19 MP: 6/10
  1522 | D:2      | Noticed Robin
  1915 | D:2      | Reached XP level 4. HP: 24/24 MP: 9/12
  1963 | D:2      | Killed Robin
  2351 | D:2      | Reached skill level 5 in Spellcasting
  2626 | D:2      | Found a faded altar of an unknown god.
  2762 | D:2      | Learned a level 4 spell: Fulminant Prism
  2767 | D:2      | Learned a level 4 spell: Iskenderun's Mystic Blast
  2833 | D:3      | You fall into a shaft and drop 2 floors!
  2833 | D:5      | Entered Level 5 of the Dungeon
  2849 | D:4      | Identified 2 scrolls of acquirement
  2849 | D:4      | Acquired a staff of conjuration
  2854 | D:4      | Acquired 743 gold pieces
  2918 | D:4      | Noticed a phantom
  2933 | D:4      | Killed a phantom
  2934 | D:4      | Reached XP level 5. HP: 27/28 MP: 9/15
  3277 | D:3      | Reached skill level 6 in Spellcasting
  3288 | D:3      | Noticed Ijyb
  3296 | D:3      | Killed Ijyb
  3584 | D:3      | Noticed a phantom
  3591 | D:3      | Killed a phantom
  3592 | D:3      | Reached XP level 6. HP: 32/32 MP: 6/17
  4026 | D:4      | Reached skill level 7 in Spellcasting
  4057 | D:4      | Reached skill level 5 in Hexes
  4057 | D:4      | Reached skill level 1 in Translocations
  4057 | D:4      | Reached XP level 7. HP: 27/36 MP: 12/19
  4874 | D:4      | Found an ornate altar of the Wu Jian Council.
  5194 | D:4      | Found a glowing silver altar of Zin.
  5998 | D:5      | Upgraded the game from 0.28-a0-622-gbaef9634d7 to
                  | 0.28-a0-628-g3c9886e45e
  6411 | D:5      | Reached XP level 8. HP: 41/41 MP: 15/20
  6469 | D:5      | Reached skill level 5 in Translocations
  6910 | D:6      | Reached skill level 8 in Spellcasting
  7149 | D:6      | Found Oskiusak's Antique Armour Emporium.
  7157 | D:6      | Bought a brightly glowing helmet for 342 gold pieces
  7157 | D:6      | Identified the +0 helmet of the Nine Jumping Ships {rPois
                  | MP+9 Str-4 Int-2} (You bought it in a shop on level 6 of
                  | the Dungeon)
  7157 | D:6      | Bought a shiny buckler for 270 gold pieces
  7422 | D:6      | Reached skill level 1 in Fighting
  7422 | D:6      | Reached skill level 9 in Spellcasting
  8092 | D:6      | Reached XP level 9. HP: 49/49 MP: 20/24
  8223 | D:7      | Found a staircase to the Ecumenical Temple.
  8270 | Temple   | Entered the Ecumenical Temple
  8462 | Temple   | Became a worshipper of Vehumet
  8682 | D:7      | Reached skill level 1 in Shields
  9064 | D:7      | Noticed Menkaure
  9068 | D:7      | Killed Menkaure
  9241 | D:7      | Found a runed translucent door.
  9242 | D:7      | Noticed Crazy Yiuf
  9250 | D:7      | Killed Crazy Yiuf
  9475 | D:7      | Found a glowing golden altar of the Shining One.
  9477 | D:7      | Noticed an angel
  9587 | D:7      | Found a basalt altar of Yredelemnul.
  9589 | D:7      | Noticed a profane servitor
  9822 | D:8      | Found a white marble altar of Elyvilon.
  9840 | D:8      | Reached * piety under Vehumet
  9840 | D:8      | Offered knowledge of Foxfire by Vehumet.
  9972 | D:8      | Reached skill level 10 in Spellcasting
 10269 | D:8      | Noticed a cyclops
 10284 | D:8      | Killed a cyclops
 10285 | D:8      | Reached skill level 11 in Spellcasting
 10310 | D:8      | Noticed a two-headed ogre
 10315 | D:8      | Killed a two-headed ogre
 10316 | D:8      | Reached skill level 12 in Spellcasting
 10316 | D:8      | Reached XP level 10. HP: 56/56 MP: 12/28
 10668 | D:8      | Found a staircase to the Lair.
 11311 | D:9      | Reached skill level 5 in Dodging
 11400 | D:9      | Found a staircase to the Orcish Mines.
 11407 | D:9      | Offered knowledge of Shock by Vehumet.
 11409 | D:9      | Noticed Harold
 11419 | D:9      | Found an ancient bone altar of Kikubaaqudgha.
 12105 | D:9      | Found a runed translucent door.
 12107 | D:9      | Noticed RandomusNamus's ghost (novice OpFE)
 12144 | D:9      | Killed Harold
 12144 | D:9      | Reached ** piety under Vehumet
 12555 | D:9      | Found an opulent altar of Gozag.
 12784 | Lair:1   | Entered Level 1 of the Lair of Beasts
 12793 | Lair:1   | Reached skill level 1 in Evocations
 12812 | Lair:1   | Noticed a cane toad
 12816 | Lair:1   | Killed a cane toad
 12826 | D:8      | Reached XP level 11. HP: 59/60 MP: 16/29
 14878 | D:10     | Entered Level 10 of the Dungeon
 15098 | D:10     | Found a sparkling altar of Nemelex Xobeh.
 15289 | D:10     | Reached skill level 5 in Evocations
 15374 | D:10     | Offered knowledge of Scorch by Vehumet.
 15601 | D:10     | Noticed a frost giant
 15614 | D:10     | HP: 2/60 [frost giant (20)]
 15614 | D:10     | Slain by a frost giant

Illustrated notes

Levels and vault maps discovered:
D:1:      dpeg_arrival_arbitrary_c, layout_basic, ebering_dispersal_statue_hall
D:2:      minmay_kobold_bridge, layout_rooms, chequers_ecumenical_altar_grove,
          nrook_loot_triangle, uniq_robin
D:3:      layout_basic, uniq_ijyb
D:4:      layout_loops_ring, general_overflow_altar, zin_scriptorium,
          gup_sewer_entry_glass
D:5:      layout_basic, cheibrodos_gnoll_hut
D:6:      layout_rooms, serial_shops, nicolae_shop_crystal,
          small_statue_intersection, hangedman_abyss_or_decor_jellyfish_corner,
          minmay_holes, lemuel_another_geyser
D:7:      layout_loops_ring, grunt_temple_overflow_holy_war,
          minmay_temple_entry_slanted, uniq_menkaure, uniq_crazy_yiuf_cottage
D:8:      minmay_polygon_palace, layout_basic, nicolae_elyvilon_peaceful_grove,
          grunt_lair_entry_orc_guard_hut
D:9:      layout_layer_cave, kiku_gazebo_pond_becter,
          nicolae_gozag_cash_rules_everything_around_me, hiddenorc1_lemuel,
          ebering_ghost_reflecting_pool, uniq_harold
D:10:     layout_long_grid, lemuel_crystal_altar, kennysheep_just_a_vault
Temple:   minmay_temple_curvy_branch
Lair:1:   layout_loops_ring, infiniplex_staircase_pool, lemuel_fruit_fields

Skill      XL: |  1  2  3  4  5  6  7  8  9 10 11 |
---------------+----------------------------------+-----
Spellcasting   | 4 5 6 7 9 12 | 12.0
Conjurations   | 5 7 8 9 |  9.0
Hexes          | 2 3 5 7 9 |  9.3
Translocations | 1 4 5 7 8 |  8.2
Fighting       | 2 3 |  3.0
Shields        | 4 |  4.0
Dodging        | 7 |  7.0
Evocations     | 1 5 |  5.0
Stealth        | 4 |  4.0

Action                   |  1- 3 |  4- 6 |  7- 9 | 10-12 || total
-------------------------+-------+-------+-------+-------++-------
Melee: Whip              |       |     1 |       |       ||     1
 Fire: Hunting sling     |       |    26 |    65 |    71 ||   162
 Cast: Magic Dart        |    46 |    13 |     2 |       ||    61
       Searing Ray       |    12 |    26 |    67 |    58 ||   163
       Fulminant Prism   |       |     1 |    20 |    28 ||    49
       Iskenderun's Myst |       |       |    19 |    47 ||    66
  Use: Scroll            |       |     7 |     7 |     8 ||    22
Armor: Robe              |     3 |     3 |     4 |       ||    10
       Steam dragon scal |       |       |     6 |     8 ||    14
Dodge: Dodged            |     9 |    13 |    22 |    21 ||    65
Block: Buckler           |       |       |     3 |    12 ||    15

Table legend: (Time is in decaauts)
 A = Elapsed time spent in this place.
 B = Non-inter-level travel time spent in this place.
 C = Inter-level travel time spent in this place.
 D = Time resting spent in this place.
 E = Time spent auto-exploring this place.
 F = Levels seen in this place.
 G = Mean time per level.
                   A        B        C        D        E       F      G
               +--------+--------+--------+--------+--------+-----+--------+
         Total |  15650 |  15157 |    493 |   6712 |   6192 |  12 | 1304.2 |
       Dungeon |  13898 |  13486 |    412 |   6012 |   5476 |  10 | 1389.8 |
        Temple |    203 |    192 |     11 |      0 |    187 |   1 |  203.0 |
          Lair |   1548 |   1479 |     69 |    700 |    528 |   1 | 1548.0 |
               +--------+--------+--------+--------+--------+-----+--------+

Top non-repeatable levels by time:
     D:9: 1950 daAuts
     D:8: 1808 daAuts
     D:1: 1581 daAuts
  Lair:1: 1548 daAuts
     D:5: 1455 daAuts
     D:6: 1368 daAuts
     D:3: 1312 daAuts
     D:4: 1299 daAuts
     D:7: 1225 daAuts
     D:2: 1210 daAuts
    D:10: 685 daAuts
  Temple: 203 daAuts
